 Dungeon Crawl Stone Soup version 0.27-a0-1342-ga99462a43c (webtiles) character file.

Game seed: 1728187603553096233

65 Delamore the Sneak (level 4, 0/29 HPs)
             Began as an Octopode Brigand on June 27, 2021.
             Slain by a jackal (1 damage)
             ... on level 2 of the Dungeon.
             The game lasted 00:01:01 (1172 turns).

Delamore the Sneak (Octopode Brigand)               Turns: 1172, Time: 00:01:01

Health: 0/29       AC:  1    Str: 10    XL:     4   Next: 13%
Magic:  4/4        EV: 12    Int: 13    God:
Gold:   92         SH:  0    Dex: 14    Spells: 3/3 levels left

rFire    . . .     SeeInvis .   a - +2 dagger
rCold    . . .     Faith    .   (no shield)
rNeg     . . .     Spirit   .   (helmet restricted)
rPois    .         Reflect  .   (no amulet)
rElec    .         Harm     .   (no ring)
rCorr    .         Rampage  .   (no ring)
Will     .....                  (no ring)
Stlth    +++++.....             (no ring)
HPRegen  0.09/turn              (no ring)
MPRegen  0.09/turn              (no ring)
                                (no ring)
                                (no ring)

@: no status effects
A: almost no armour, amphibious, 8 rings, camouflage 1, gelatinous body 1,
(nimble swimmer 1), tentacles
a: no special abilities


You were on level 2 of the Dungeon.
You visited 1 branch of the dungeon, and saw 2 of its levels.

You collected 92 gold pieces.

Inventory:

Hand Weapons
 a - a +2 dagger (weapon)
Missiles
 b - 7 poisoned darts (quivered)
Jewellery
 e - a ring of ice
Scrolls
 g - a scroll of enchant weapon {unknown}
 h - a scroll of identify {unknown}


   Skills:
 + Level 2.1 Fighting
 + Level 2.2 Short Blades
 - Level 2.0 Throwing
 - Level 1.0 Dodging
 * Level 7.4 Stealth


You had 3 spell levels left.
You didn't know any spells.
Your spell library contained the following spells:

 Spells                   Type           Power      Damage    Failure   Level
 Animate Skeleton         Necr           0%         N/A       30%         1
 Freeze                   Ice            0%         1d3       30%         1
 Pain                     Necr           0%         1d4       30%         1
 Frozen Ramparts          Ice            0%         1d2       67%         3
 Ozocubu's Armour         Ice            0%         N/A       67%         3
 Vampiric Draining        Necr           0%         2d6       67%         3
 Animate Dead             Necr           0%         N/A       97%         4
 Hailstorm                Conj/Ice       0%         3d3       97%         4
 Agony                    Necr           0%         N/A       100%        5
 Metabolic Englaciation   Hex/Ice        0%         N/A       100%        5


Dungeon Overview and Level Annotations

Branches:
Dungeon (2/15)

Altars:


Innate Abilities, Weirdness & Mutations

You cannot wear most types of armour.
You are amphibious.
You can wear up to eight rings at the same time.
Your skin changes colour to match your surroundings (Stealth+).
Your rubbery body absorbs attacks. (AC +1, EV +1)
((You are camouflaged near water. (Stealth+)))
You have tentacles for arms and can constrict up to eight enemies at once.


Message History

You constrict Terence. Terence hits you with a +0 flail.
* * * LOW HITPOINT WARNING * * *
You hit Terence but do no damage. You squeeze Terence, but do no damage.
Terence is almost dead.
You constrict Terence.
You kill Terence!
Your Stealth skill increases to level 7!
You have reached level 4!
Throw: 2 darts (curare)
Press: ? - help, Q - select action, (/) - cycle Shift-Dir - straight line, f - ball python
Aim: a ball python (57% to hit)
You throw a curare-tipped dart.
The curare-tipped dart hits the ball python.
The ball python is poisoned.
The ball python convulses.
You kill the ball python!
Throw: dart (curare)
Press: ? - help, Q - select action, (/) - cycle Shift-Dir - straight line, f - jackal
Aim: a jackal (53% to hit)
You throw a curare-tipped dart. The curare-tipped dart hits the jackal.
The jackal is poisoned.
The jackal convulses.
You kill the jackal!
The jackal misses you.
Throw: 8 darts (poison)
Press: ? - help, Q - select action Shift-Dir - straight line, f - jackal
Aim: a jackal (53% to hit)
You throw a poisoned dart. The poisoned dart hits the jackal.
The jackal is poisoned.
The jackal closely misses you.
You closely miss the jackal. Your grab misses the jackal.
The jackal is moderately wounded.
The jackal bites you.
* * * LOW HITPOINT WARNING * * *
The jackal bites you.
* * * LOW HITPOINT WARNING * * *
You closely miss the jackal. You grab the jackal.
The jackal is moderately wounded.
You constrict the jackal, but do no damage.
The jackal bites you.
You die...

.##$# #.##.##....#
...# #.##.##....# #
#..# .##.##.)<.# ##.
#..# .##.####..#
##$.###..# ##.##.#
#..#
#........####...#.#
#...
.##..#.............#
#...
.......#.###.......#
####
#..#.(#@###)....## #
#.#h## ##...##
#.......### #..##
####.@#.# #.##
#..#.# #.# #.
#.#######.# #.
#.........##### #
.####.........# .
#########.#


You could see a jackal (poisoned).

Vanquished Creatures
  Terence (D:2)
  An adder (D:2)
  2 worms (D:2)
  A dart slug (D:1)
  2 ball pythons
  A bat (D:2)
  2 endoplasms
  A giant cockroach (D:1)
  A goblin (D:2)
  3 jackals (D:2)
  2 quokkas
  3 kobolds
  2 rats (D:1)
22 creatures vanquished.

Notes
Turn   | Place    | Note
-------+----------+-------------------------------------------
     0 | D:1      | Delamore the Octopode Brigand began the quest for the Orb.
     0 | D:1      | Reached XP level 1. HP: 14/14 MP: 1/1
   247 | D:1      | Reached XP level 2. HP: 19/19 MP: 2/2
   248 | D:1      | Found a faded altar of an unknown god.
   325 | D:1      | Reached skill level 6 in Stealth
   885 | D:2      | Reached XP level 3. HP: 24/24 MP: 3/3
  1148 | D:2      | Noticed Terence
  1166 | D:2      | Killed Terence
  1167 | D:2      | Reached skill level 7 in Stealth
  1167 | D:2      | Reached XP level 4. HP: 5/29 MP: 4/4
  1171 | D:2      | HP: 1/29 [jackal (2)]
  1172 | D:2      | Slain by a jackal

Illustrated notes

Levels and vault maps discovered:
D:1:      dpeg_arrival_simpleton_b, layout_basic, basic_ecumenical_altar
D:2:      layout_loops_ring, uniq_terence

Skill      XL: |  1  2  3 |
---------------+----------+-----
Stealth        | 6 7 |  7.4
Fighting       | |  2.1
Short Blades   | |  2.2
Throwing       | |  2.0
Dodging        | |  1.0

Action                   |  1- 3 |  4- 6 || total
-------------------------+-------+-------++-------
Melee: Dagger            |    45 |     2 ||    47
       Tentacles         |     7 |       ||     7
       Constrict         |     6 |     1 ||     7
Throw: Dart              |       |     3 ||     3
  Use: Potion            |     2 |       ||     2
 Stab: Sleeping          |     8 |       ||     8
Armor: Skin              |     2 |       ||     2
Dodge: Dodged            |    16 |     2 ||    18

Table legend: (Time is in decaauts)
 A = Elapsed time spent in this place.
 B = Non-inter-level travel time spent in this place.
 C = Inter-level travel time spent in this place.
 D = Time resting spent in this place.
 E = Time spent auto-exploring this place.
 F = Levels seen in this place.
 G = Mean time per level.
                   A        B        C        D        E       F      G
               +--------+--------+--------+--------+--------+-----+--------+
         Total |   1166 |   1158 |      8 |      0 |   1023 |   2 |  583.0 |
       Dungeon |   1166 |   1158 |      8 |      0 |   1023 |   2 |  583.0 |
               +--------+--------+--------+--------+--------+-----+--------+

Top non-repeatable levels by time:
     D:1: 769 daAuts
     D:2: 397 daAuts
